Map: New Gettysburg LE

Players

Semper

  • Race: Terran Terran

Nerchio - Winner!

  • Race: Zerg Zerg

Event: 2016 WCS Summer Circuit Championship (DH Montreal)

VOD

https://www.youtube.com/watch?v=jESmWWSxFAU

Description

Time

  • Played on: Aug. 12, 2016, 5:40 p.m.
  • Length: 14:23

All games in this series

Show
View Real Time Build Order
Export as new Build Order

Semper Terran 

Build Orders: Reaper Expand, MMM Bio 

Get SALT Encoding   

  12  0:00  SCV  
  13  0:13  SCV  
  14  0:18  Supply Depot  
  14  0:25  SCV  
  15  0:40  SCV  
  15  0:41  Barracks  
  16  0:45  Refinery  
  16  0:52  SCV  
  17  1:04  SCV  
  18  1:16  SCV  
  19  1:28  Orbital Command  
  19  1:29  Reaper  
  20  1:42  Command Center  
  20  1:54  SCV  
  21  1:56  Barracks  
  21  2:01  Barracks Reactor  
  21  2:06  SCV  
  22  2:10  Supply Depot  
  22  2:18  SCV  
  22  2:20  Refinery  
  23  2:26  Factory  
  23  2:32  SCV  
  24  2:38  Marine x2  
  24  2:44  SCV  
  27  2:46  Barracks Tech Lab  
  27  2:55  Orbital Command  
  27  2:56  SCV  
  28  2:59  Marine  
  28  3:00  Marine  
  30  3:08  Stimpack  
  30  3:09  SCV  
  31  3:13  Marine  
  31  3:17  Marine  
  33  3:21  SCV  
  33  3:24  Starport  
  33  3:25  SCV  
  35  3:29  Factory Reactor  
  35  3:33  SCV  
  36  3:34  Marine x2  
  36  3:41  Supply Depot, SCV  
  38  3:46  SCV  
  40  3:51  Marine  
  40  3:52  Marine  
  40  3:53  SCV  
  42  3:56  Marine  
  42  3:58  Supply Depot, SCV  
  44  4:04  Supply Depot  
  44  4:06  SCV  
  45  4:10  Marine  
  45  4:11  SCV  
  45  4:12  Medivac x2  
  51  4:18  SCV  
  51  4:22  Engineering Bay  
  51  4:23  Engineering Bay  
  52  4:26  SCV  
  52  4:27  Marine x2  
  55  4:32  Refinery, SCV  
  56  4:38  Factory Tech Lab, SCV  
  56  4:43  Marine  
  56  4:44  SCV  
  56  4:45  Supply Depot  
  59  4:50  Terran Infantry Armor Level 1, Terran Infantry Weapons Level 1, SCV  
  60  4:53  Marine  
  60  4:54  Marine  
  60  4:56  SCV  
  63  5:00  Medivac  
  63  5:02  Marine  
  63  5:03  SCV  
  67  5:08  SCV  
  67  5:13  Combat Shields  
  68  5:15  Supply Depot, SCV  
  68  5:16  Marine x2  
  71  5:22  SCV  
  71  5:25  Marine  
  71  5:26  Supply Depot  
  73  5:29  Siege Tank  
  73  5:35  Command Center  
  76  5:38  SCV  
  76  5:40  SCV  
  78  5:43  Refinery  
  78  5:44  Marine  
  78  5:45  Supply Depot, Marine  
  78  5:49  Medivac  
  82  5:51  SCV  
  82  5:55  SCV  
  83  6:02  Marine, Marauder  
  83  6:03  SCV  
  87  6:05  Armory  
  87  6:07  SCV  
  87  6:09  Barracks  
  88  6:12  Barracks  
  88  6:14  Barracks  
  88  6:16  Siege Tank  
  91  6:21  SCV x2  
  93  6:28  Marine x2  
  94  6:33  SCV  
  94  6:35  SCV  
  94  6:38  Marine  
  96  6:42  Supply Depot  
  96  6:44  Supply Depot, Medivac  
  96  6:45  Marine, Medivac, SCV  
  102  6:47  SCV  
  102  6:52  Marine  
  102  6:53  Orbital Command  
  104  6:56  Marine, Siege Tank  
  104  6:57  SCV  
  104  6:59  SCV  
  110  7:07  Marine  
  112  7:08  Barracks Reactor  
  112  7:09  SCV  
  112  7:10  Barracks Tech Lab, Barracks Reactor  
  112  7:11  SCV  
  112  7:12  Terran Infantry Weapons Level 2  
  113  7:17  Orbital Command  
  113  7:21  SCV  
  113  7:23  Marine  
  113  7:24  Marauder, SCV  
  113  7:28  Marine x2  
  113  7:29  Siege Tank  
  123  7:33  SCV  
  123  7:36  SCV  
  123  7:41  Marine, Orbital Command  
  119  7:45  SCV, Marauder  
  119  7:46  Marine x5  
  119  7:47  Terran Infantry Armor Level 2, Marauder  
  119  7:48  SCV  
  129  7:58  SCV  
  127  8:01  Marine  
  128  8:06  Siege Tank  
  128  8:07  Marauder  
  128  8:09  Supply Depot  
  128  8:12  SCV x3  
  136  8:13  Refinery  
  136  8:16  Refinery  
  136  8:26  Marine x3  
  136  8:27  Marauder  
  141  8:28  Terran Vehicle Weapons Level 1  
  141  8:30  Supply Depot x2, Marine x3  
  141  8:31  SCV x2  
  146  8:42  Barracks  
  146  8:44  Barracks  
  146  8:46  Barracks  
  146  8:50  Marine x4, Marauder  
  146  8:52  Liberator x2  
  146  8:54  Siege Tank  
  155  9:01  Supply Depot x2  
  155  9:07  Marine x2  
  155  9:08  Marauder  
  160  9:22  Marine x2, Marauder  
  160  9:26  Supply Depot  
  160  9:27  Supply Depot  
  160  9:39  Command Center, Marine x2, Marauder  
  160  9:41  Barracks Tech Lab x2  
  160  9:42  Liberator x2  
  164  9:45  Terran Infantry Weapons Level 3  
  164  9:46  Barracks Tech Lab  
  164  9:47  Starport  
  164  9:49  Supply Depot  
  170  10:07  Marine, Marauder  
  170  10:11  Liberator  
  172  10:16  Marauder x2  
  172  10:17  Marauder x2  
  179  10:25  Liberator  
  179  10:26  Marine  
  179  10:28  Liberator  
  175  10:29  Marauder  
  175  10:33  Ghost Academy  
  180  10:38  Marauder x2  
  187  10:48  Marine x2  
  187  10:49  Marauder  
  191  10:51  Starport  
  191  10:53  Planetary Fortress  
  191  10:59  Sensor Tower  
  171  11:14  Terran Infantry Armor Level 3  
  171  11:15  SCV  
  171  11:17  Refinery  
  171  11:18  Starport Reactor, Marine x3, Refinery  
  173  11:19  Marauder  
  173  11:25  Medivac  
  179  11:32  Liberator x2, Marine  
  179  11:33  Marauder  
  179  11:35  SCV  
  179  11:37  Command Center  
  181  11:47  Terran Ship Weapons Level 1  
  181  11:53  Marine x2  
  191  11:54  Marauder  
  191  12:05  Concussive Shells, Ghost x2  
  187  12:11  Medivac  
  187  12:14  Ghost  
  183  12:22  Ghost  
  183  12:23  Barracks Tech Lab  
  183  12:44  Ghost x3  
  183  12:53  Ghost  
  182  13:01  Liberator  
  182  13:02  Ghost  
  155  13:07  Marine  
  155  13:11  Marine x2  
  117  13:12  Ghost  
  117  13:13  Marauder  
  117  13:17  Marine, Marauder  
  110  13:26  Marine  
  110  13:27  Marine x3  
  100  13:29  Marine x2  
  100  13:31  Marine, Medivac  
  108  13:34  Marine  
  108  13:35  Marine  
  108  13:38  Medivac  
  108  13:39  Marauder  
  114  13:42  Marauder  
  114  13:44  Marine x2  
  114  13:47  Marauder  
  120  13:50  Medivac, Marauder  
  125  13:58  Marine  
  125  13:59  Marauder  
Show
View Real Time Build Order
Export as new Build Order

Nerchio Zerg - Winner!

Build Orders: Hatch First 

Get SALT Encoding   

  12  0:00  Drone  
  13  0:13  Overlord  
  13  0:18  Drone  
  14  0:31  Drone x2  
  14  0:35  Drone  
  17  0:54  Hatchery  
  17  0:57  Drone  
  17  1:00  Drone  
  18  1:05  Extractor  
  17  1:16  Spawning Pool  
  16  1:19  Drone  
  16  1:23  Drone  
  18  1:28  Drone  
  19  1:38  Overlord  
  19  1:50  Drone  
  20  2:02  Queen  
  20  2:03  Zergling x2  
  20  2:06  Queen  
  20  2:07  Zergling x2  
  26  2:13  Metabolic Boost  
  26  2:17  Drone  
  26  2:19  Drone  
  28  2:23  Drone  
  28  2:28  Drone  
  30  2:33  Drone  
  30  2:40  Drone  
  30  2:42  Queen  
  33  2:46  Queen  
  33  2:51  Overlord  
  35  2:54  Drone  
  35  2:58  Overlord  
  36  3:09  Zergling x2  
  36  3:12  Drone x5  
  42  3:14  Drone  
  42  3:16  Overlord  
  42  3:19  Drone  
  44  3:22  Drone  
  44  3:23  Drone  
  46  3:30  Drone  
  47  3:39  Hatchery  
  46  3:43  Roach Warren  
  46  3:44  Drone  
  46  3:45  Drone  
  46  3:48  Drone  
  47  3:50  Drone x2  
  49  3:56  Overlord  
  49  4:00  Extractor  
  48  4:04  Evolution Chamber  
  46  4:10  Overlord  
  46  4:15  Drone x2  
  46  4:16  Drone  
  49  4:22  Roach x5  
  59  4:26  Roach  
  59  4:27  Roach x2  
  59  4:30  Drone x2  
  67  4:36  Drone  
  68  4:39  Extractor  
  68  4:40  Drone  
  68  4:44  Lair  
  68  4:45  Extractor  
  68  4:47  Drone  
  68  4:50  Evolution Chamber  
  68  4:51  Queen  
  68  4:52  Drone x2  
  71  4:53  Drone  
  71  4:55  Drone  
  71  4:57  Drone  
  71  4:58  Drone  
  75  5:02  Overlord  
  75  5:04  Drone  
  75  5:05  Drone  
  75  5:06  Drone  
  78  5:12  Zerg Ground Armor Level 1  
  78  5:14  Overlord  
  78  5:17  Overlord  
  78  5:24  Zerg Melee Weapons Level 1  
  78  5:27  Drone  
  78  5:28  Drone x4  
  83  5:33  Overlord  
  83  5:38  Roach  
  83  5:39  Roach x3  
  83  5:42  Glial Reconstitution  
  91  5:47  Overlord  
  91  5:56  Drone x4  
  95  6:02  Hatchery  
  94  6:04  Roach x4  
  102  6:12  Infestation Pit  
  102  6:13  Roach  
  102  6:14  Extractor, Overlord, Roach x2  
  102  6:17  Overlord  
  106  6:19  Overseer  
  106  6:29  Drone x2  
  106  6:30  Drone x6  
  106  6:31  Extractor  
  110  6:33  Drone  
  110  6:37  Drone x2  
  110  6:38  Drone x2  
  114  6:40  Drone  
  114  6:41  Drone  
  114  6:43  Drone  
  114  6:45  Drone  
  117  6:50  Hive  
  117  6:59  Infestor x2  
  121  7:04  Roach x3  
  121  7:08  Zergling x8  
  129  7:09  Hatchery  
  129  7:15  Roach x3  
  134  7:16  Roach  
  134  7:19  Zerg Melee Weapons Level 2  
  136  7:24  Zerg Ground Armor Level 2  
  136  7:27  Roach  
  138  7:32  Overlord x2  
  138  7:33  Overlord  
  138  7:41  Overlord x2  
  132  7:54  Extractor  
  127  8:00  Drone, Infestor  
  127  8:01  Drone x2  
  127  8:02  Drone x2  
  127  8:05  Drone x3  
  137  8:06  Ultralisk Cavern  
  137  8:08  Zergling x14  
  143  8:15  Ravager x2  
  143  8:16  Ravager  
  143  8:19  Zergling x10  
  151  8:20  Zergling x2  
  151  8:25  Overlord  
  152  8:40  Overlord  
  152  8:43  Pneumatized Carapace  
  152  8:52  Chitinous Plating  
  152  8:54  Ultralisk x3  
  170  9:02  Ultralisk  
  176  9:04  Zergling x26  
  189  9:13  Ultralisk  
  187  9:21  Spore Crawler  
  182  9:26  Drone x2  
  182  9:27  Drone, Nydus Network  
  182  9:28  Zergling x12  
  182  9:29  Extractor  
  182  9:31  Zergling x14  
  196  9:53  Zergling x6  
  196  9:54  Spire  
  196  9:56  Zerg Ground Armor Level 3  
  196  9:59  Zerg Melee Weapons Level 3  
  198  10:16  Zergling x2  
  174  10:29  Drone x3  
  175  10:41  Baneling Nest  
  174  10:44  Nydus Network  
  173  10:51  Ravager x3  
  173  10:53  Hatchery  
  175  11:04  Overlord  
  175  11:11  Zerg Flyer Armor Level 1, Corruptor x7  
  174  11:16  Corruptor  
  190  11:19  Overlord x2  
  190  11:22  Overlord  
  190  11:25  Centrifical Hooks  
  190  11:49  Zergling x4  
  190  11:50  Corruptor x4  
  190  11:53  Overseer x2  
  200  12:13  Baneling  
  200  12:14  Baneling x15  
  200  12:22  Overseer x2  
  198  12:35  Zergling x2  
  198  12:36  Zergling x2  
  164  13:07  Ultralisk  
  164  13:08  Ultralisk x3  
  164  13:10  Zergling x4  
  164  13:11  Zergling x14  
  173  13:14  Ultralisk  
  173  13:15  Zergling x2  
  173  13:16  Zergling x10  
  183  13:20  Zergling x4  
  183  13:25  Zergling x2  
  183  13:27  Queen, Zergling x2  
  183  13:29  Zergling x16  
  183  13:30  Queen, Zergling x4  
  183  13:33  Queen, Zergling x2  
  200  13:38  Overseer  
  200  14:00  Hatchery  
Tags
 
Add a new tag
Caveats
  • Supply blocks, unpowered buildings, or Contaminate may cause inaccurate times.
  • Supply counts are checked every 10 seconds.